| TOP OF THE 1ST |
|
University of Michigan Wolverines batting - Pitching for University of Illinois Fighting Illini : RHP Victor Altagracia
|
|
Pitching: RHP Victor Altagracia
|
|
|
Batting: RHB Chris Williamson
|
0-0: Ground out 5-3 (Groundball, 56, EV 81.9 MPH)
|
|
Batting: RHB Danny Arroyo
|
0-0: Called Strike 0-1: SINGLE (Groundball, 4MD, EV 96.9 MPH)
|
|
Batting: RHB Quirino Portel
|
0-0: Called Strike 0-1: Ball 1-1: SINGLE (Groundball, 5S, EV 70.0 MPH) (infield hit) Danny Arroyo to second
|
|
Batting: LHB Lance Sabo
|
0-0: Fly out, F5 (Popup, 5SF, EV 85.0 MPH)
|
|
Batting: RHB Aaron Marakovits
|
0-0: Foul Ball, location: 2F 0-1: Ball 1-1: Swinging Strike 1-2: Ball 2-2: Strikes out swinging
|
| Top of the 1st over - 0 runs, 2 hits, 0 errors, 2 left on base; University of Michigan 0 - University of Illinois 0 |
| BOTTOM OF THE 1ST |
|
University of Illinois Fighting Illini batting - Pitching for University of Michigan Wolverines : LHP Omar Gutierrez
|
|
Pitching: LHP Omar Gutierrez
|
|
|
Batting: SHB Dan Strickland
|
0-0: Foul Ball, location: 2F 0-1: Fly out, F7 (Line Drive, 7LM, EV 108.1 MPH)
|
|
Batting: RHB Lance Borgen
|
0-0: Ball 1-0: Foul Ball, location: 2F 1-1: Ball 2-1: Foul Ball, location: 2F 2-2: Strikes out swinging
|
|
Batting: RHB Caleb Dean
|
0-0: Ball 1-0: Called Strike 1-1: Called Strike 1-2: Strikes out swinging
|
| Bottom of the 1st over - 0 runs, 0 hits, 0 errors, 0 left on base; University of Michigan 0 - University of Illinois 0 |
| TOP OF THE 2ND |
|
University of Michigan Wolverines batting - Pitching for University of Illinois Fighting Illini : RHP Victor Altagracia
|
|
Batting: RHB Mario Cruz
|
0-0: Ball 1-0: Ground out 6-3 (Groundball, 6M, EV 90.6 MPH)
|
|
Batting: SHB Henrik Berg
|
0-0: Foul Ball, location: 2F 0-1: Swinging Strike 0-2: Ball 1-2: Strikes out swinging
|
|
Batting: LHB Murdock Cranton
|
0-0: Ball 1-0: Swinging Strike 1-1: DOUBLE (Line Drive, 7LS, EV 106.9 MPH)
|
|
Batting: RHB Torsten Ernst
|
0-0: Ball 1-0: Foul Ball, location: 2F 1-1: DOUBLE (Line Drive, 89M, EV 90.6 MPH) Murdock Cranton scores
|
|
Batting: RHB Chris Williamson
|
0-0: Called Strike 0-1: Ball 1-1: Ball 2-1: Ball 3-1: Base on Balls
|
|
Batting: RHB Danny Arroyo
|
0-0: Called Strike 0-1: Ball 1-1: Foul Ball, location: 2F 1-2: Ball 2-2: Foul Ball, location: 2F 2-2: Foul Ball, location: 2F 2-2: Strikes out swinging
|
| Top of the 2nd over - 1 run, 2 hits, 0 errors, 2 left on base; University of Michigan 1 - University of Illinois 0 |
| BOTTOM OF THE 2ND |
|
University of Illinois Fighting Illini batting - Pitching for University of Michigan Wolverines : LHP Omar Gutierrez
|
|
Batting: RHB Roger Whitaker
|
0-0: Called Strike 0-1: Swinging Strike 0-2: SINGLE (Line Drive, 4MD, EV 93.8 MPH)
|
|
Batting: LHB Mike Murphy
|
0-0: Fly out, F8 (Line Drive, 8LM, EV 98.8 MPH)
|
|
Batting: SHB Bernie Gallegos
|
0-0: Ball 1-0: Grounds into double play, 5-4-3 (Groundball, 5S, EV 90.6 MPH)
|
| Bottom of the 2nd over - 0 runs, 1 hit, 0 errors, 0 left on base; University of Michigan 1 - University of Illinois 0 |
| TOP OF THE 3RD |
|
University of Michigan Wolverines batting - Pitching for University of Illinois Fighting Illini : RHP Victor Altagracia
|
|
Batting: RHB Quirino Portel
|
0-0: Ball 1-0: Ball 2-0: Called Strike 2-1: Ball 3-1: Base on Balls
|
|
Batting: LHB Lance Sabo
|
0-0: Ball 1-0: DOUBLE (Line Drive, 89D, EV 105.6 MPH) Quirino Portel to third Runner from 3rd tries for Home, SAFE, throw by CF to trailing runner, SAFE at third!
|
|
Batting: RHB Aaron Marakovits
|
0-0: Foul Ball, location: 2F 0-1: Ball 1-1: Called Strike 1-2: Strikes out swinging
|
|
Batting: RHB Mario Cruz
|
0-0: Ground out 4-3 (Groundball, 4, EV 84.4 MPH) Lance Sabo scores
|
|
Batting: SHB Henrik Berg
|
0-0: Called Strike 0-1: Called Strike 0-2: Strikes out looking
|
| Top of the 3rd over - 2 runs, 1 hit, 0 errors, 0 left on base; University of Michigan 3 - University of Illinois 0 |
| BOTTOM OF THE 3RD |
|
University of Illinois Fighting Illini batting - Pitching for University of Michigan Wolverines : LHP Omar Gutierrez
|
|
Batting: RHB Damien Blot
|
0-0: Called Strike 0-1: Ball 1-1: Foul Ball, location: 2F 1-2: Ground out 6-3 (Groundball, 6, EV 80.0 MPH)
|
|
Batting: LHB Matt Highfill
|
0-0: Ball 1-0: Fly out, F7 (Flyball, 78S, EV 90.6 MPH)
|
|
Batting: RHB Hector Flores
|
0-0: Fly out, F8 (Flyball, 8LD, EV 77.5 MPH)
|
| Bottom of the 3rd over - 0 runs, 0 hits, 0 errors, 0 left on base; University of Michigan 3 - University of Illinois 0 |
| TOP OF THE 4TH |
|
University of Michigan Wolverines batting - Pitching for University of Illinois Fighting Illini : RHP Victor Altagracia
|
|
Batting: LHB Murdock Cranton
|
0-0: Foul Ball, location: 2F 0-1: Ball 1-1: Ball 2-1: SOLO HOME RUN (Flyball, 89XD, EV 108.8 MPH), Distance : 425 ft
|
|
Batting: RHB Torsten Ernst
|
0-0: Ball 1-0: Swinging Strike 1-1: Called Strike 1-2: Ball 2-2: Foul Ball, location: 2F 2-2: Ground out 5-3 (Groundball, 56, EV 101.2 MPH)
|
|
Batting: RHB Chris Williamson
|
0-0: Called Strike 0-1: Ball 1-1: Foul Ball, location: 2F 1-2: Fly out, F9 (Flyball, 9, EV 80.6 MPH)
|
|
Batting: RHB Danny Arroyo
|
0-0: Swinging Strike 0-1: Ball 1-1: Swinging Strike 1-2: DOUBLE (Flyball, 78D, EV 100.6 MPH)
|
|
Batting: RHB Quirino Portel
|
0-0: Called Strike 0-1: Swinging Strike 0-2: Ball 1-2: Ball 2-2: Ball 3-2: Base on Balls
|
|
Batting: LHB Lance Sabo
|
0-0: Ball 1-0: Called Strike 1-1: Fielders Choice at 2nd, 6-4 (Groundball, 6, EV 85.6 MPH)
|
| Top of the 4th over - 1 run, 2 hits, 0 errors, 2 left on base; University of Michigan 4 - University of Illinois 0 |
| BOTTOM OF THE 4TH |
|
University of Illinois Fighting Illini batting - Pitching for University of Michigan Wolverines : LHP Omar Gutierrez
|
|
Batting: SHB Dan Strickland
|
0-0: Foul Ball, location: 2F 0-1: Ball 1-1: Foul Ball, location: 2F 1-2: SINGLE (Groundball, 4M, EV 110.0 MPH) (infield hit)
|
|
Batting: RHB Lance Borgen
|
0-0: Foul Ball, location: 2F 0-1: Fly out, F8 (Flyball, 8LD, EV 99.4 MPH)
|
|
Batting: RHB Caleb Dean
|
0-0: Swinging Strike 0-1: Foul Ball, location: 2F 0-2: Strikes out swinging
|
|
Batting: RHB Roger Whitaker
|
0-0: Ball 1-0: SINGLE (Groundball, 56D, EV 105.0 MPH) Dan Strickland to second
|
|
Batting: LHB Mike Murphy
|
0-0: Fly out, F7 (Flyball, 78S, EV 93.8 MPH)
|
| Bottom of the 4th over - 0 runs, 2 hits, 0 errors, 2 left on base; University of Michigan 4 - University of Illinois 0 |
| TOP OF THE 5TH |
|
University of Michigan Wolverines batting - Pitching for University of Illinois Fighting Illini : RHP Victor Altagracia
|
|
Batting: RHB Aaron Marakovits
|
0-0: Fly out, F9 (Flyball, 9LSF, EV 88.8 MPH)
|
|
Batting: RHB Mario Cruz
|
0-0: Ball 1-0: Foul Ball, location: 2F 1-1: Ball 2-1: Foul Ball, location: 2F 2-2: Foul Ball, location: 2F 2-2: Ball 3-2: Fly out, F7 (Flyball, 7, EV 95.0 MPH)
|
|
Batting: SHB Henrik Berg
|
0-0: Ball 1-0: Called Strike 1-1: Ball 2-1: Foul Ball, location: 2F 2-2: Foul Ball, location: 2F 2-2: Foul Ball, location: 2F 2-2: Strikes out looking
|
| Top of the 5th over - 0 runs, 0 hits, 0 errors, 0 left on base; University of Michigan 4 - University of Illinois 0 |
| BOTTOM OF THE 5TH |
|
University of Illinois Fighting Illini batting - Pitching for University of Michigan Wolverines : LHP Omar Gutierrez
|
|
Batting: SHB Bernie Gallegos
|
0-0: SOLO HOME RUN (Flyball, 8RXD, EV 113.8 MPH), Distance : 447 ft
|
|
Batting: RHB Damien Blot
|
0-0: Foul Ball, location: 2F 0-1: Called Strike 0-2: Ball 1-2: Strikes out swinging
|
|
Batting: LHB Matt Highfill
|
0-0: Ball 1-0: Foul Ball, location: 2F 1-1: Ground out 6-3 (Groundball, 6, EV 85.0 MPH)
|
|
Batting: RHB Hector Flores
|
0-0: Ball 1-0: Called Strike 1-1: Called Strike 1-2: Ball 2-2: Ball 3-2: Strikes out swinging
|
| Bottom of the 5th over - 1 run, 1 hit, 0 errors, 0 left on base; University of Michigan 4 - University of Illinois 1 |
| TOP OF THE 6TH |
|
University of Michigan Wolverines batting - Pitching for University of Illinois Fighting Illini : RHP Victor Altagracia
|
|
Pitching: RHP Bryan Schauman
|
|
|
Batting: LHB Murdock Cranton
|
0-0: Ball 1-0: Foul Ball, location: 2F 1-1: Ball 2-1: Foul Ball, location: 2F 2-2: Fly out, F4 (Popup, 4M, EV 79.4 MPH)
|
|
Batting: RHB Torsten Ernst
|
0-0: Ball 1-0: Ball 2-0: Foul Ball, location: 2F 2-1: Reached on error, E1 (Groundball, 15S, EV 75.0 MPH)
|
|
Batting: RHB Chris Williamson
|
0-0: Intentional Walk
|
|
Batting: RHB Danny Arroyo
|
0-0: Sac Bunt to 13 - play at first, batter OUT! 1-3 Torsten Ernst to third Chris Williamson to second
|
|
Batting: RHB Quirino Portel
|
0-0: Intentional Walk
|
|
Batting: LHB Lance Sabo
|
0-0: SINGLE (Groundball, 4S, EV 73.1 MPH) (infield hit) Torsten Ernst scores Chris Williamson to third Quirino Portel to second
|
|
Batting: RHB Aaron Marakovits
|
0-0: Ball 1-0: Swinging Strike 1-1: Foul Ball, location: 2F 1-2: Foul Ball, location: 2F 1-2: Ball 2-2: Foul Ball, location: 2F 2-2: Ball 3-2: Strikes out swinging
|
| Top of the 6th over - 1 run, 1 hit, 1 error, 3 left on base; University of Michigan 5 - University of Illinois 1 |
| BOTTOM OF THE 6TH |
|
University of Illinois Fighting Illini batting - Pitching for University of Michigan Wolverines : LHP Omar Gutierrez
|
|
Batting: SHB Dan Strickland
|
0-0: Ball 1-0: SINGLE (Groundball, 56, EV 82.5 MPH) (infield hit)
|
|
Batting: RHB Lance Borgen
|
0-0: Ball 1-0: Foul Ball, location: 2F 1-1: Swinging Strike 1-2: Ball 2-2: Fly out, F4 (Popup, 4D, EV 44.4 MPH)
|
|
Batting: RHB Caleb Dean
|
0-0: Called Strike 0-1: Foul Ball, location: 2F 0-2: Ball 1-2: Foul Ball, location: 2F 1-2: Foul Ball, location: 2F 1-2: SINGLE (Line Drive, 8RS, EV 113.1 MPH) Dan Strickland to second
|
|
Batting: RHB Roger Whitaker
|
0-0: Foul Ball, location: 2F 0-1: Grounds into double play, 5-4-3 (Groundball, 56S, EV 83.8 MPH)
|
| Bottom of the 6th over - 0 runs, 2 hits, 0 errors, 1 left on base; University of Michigan 5 - University of Illinois 1 |
| TOP OF THE 7TH |
|
University of Michigan Wolverines batting - Pitching for University of Illinois Fighting Illini : RHP Bryan Schauman
|
|
Pitching: RHP Ross Ledford
|
|
|
Batting: RHB Mario Cruz
|
0-0: Ball 1-0: Ball 2-0: Ball 3-0: Base on Balls
|
|
Batting: SHB Henrik Berg
|
0-0: Sac Bunt to 3S - play at first, batter OUT! 3-4 Mario Cruz to second
|
|
Batting: LHB Murdock Cranton
|
0-0: Called Strike 0-1: Ball Wild Pitch! Mario Cruz to third 1-1: Swinging Strike 1-2: Strikes out swinging
|
|
Batting: RHB Torsten Ernst
|
0-0: Ball Wild Pitch! Mario Cruz scores 1-0: Ball 2-0: Swinging Strike 2-1: Ball 3-1: Foul Ball, location: 2F 3-2: Base on Balls
|
|
Batting: RHB Chris Williamson
|
0-0: Called Strike 0-1: Ball 1-1: Called Strike 1-2: SINGLE (Flyball, 89S, EV 92.5 MPH) Torsten Ernst to second Runner from 2nd tries for 3rd, SAFE, no throw by RF
|
|
Batting: RHB Danny Arroyo
|
0-0: Ball 1-0: Fly out, F7 (Flyball, 7, EV 88.1 MPH)
|
| Top of the 7th over - 1 run, 1 hit, 0 errors, 2 left on base; University of Michigan 6 - University of Illinois 1 |
| BOTTOM OF THE 7TH |
|
University of Illinois Fighting Illini batting - Pitching for University of Michigan Wolverines : LHP Omar Gutierrez
|
|
Batting: LHB Mike Murphy
|
0-0: Ball 1-0: Fly out, F9 (Line Drive, 9S, EV 93.8 MPH)
|
|
Batting: SHB Bernie Gallegos
|
0-0: SOLO HOME RUN (Flyball, 89XD, EV 114.4 MPH), Distance : 422 ft
|
|
Batting: RHB Damien Blot
|
0-0: Called Strike 0-1: Fly out, F7 (Flyball, 7D, EV 89.4 MPH)
|
|
Batting: LHB Matt Highfill
|
0-0: Ground out 1-3 (Groundball, 13S, EV 72.5 MPH)
|
| Bottom of the 7th over - 1 run, 1 hit, 0 errors, 0 left on base; University of Michigan 6 - University of Illinois 2 |
| TOP OF THE 8TH |
|
University of Michigan Wolverines batting - Pitching for University of Illinois Fighting Illini : RHP Ross Ledford
|
|
Batting: RHB Quirino Portel
|
0-0: Ball 1-0: Foul Ball, location: 2F 1-1: Swinging Strike 1-2: Foul Ball, location: 2F 1-2: Strikes out swinging
|
|
Batting: LHB Lance Sabo
|
0-0: Ball 1-0: Called Strike 1-1: Ball 2-1: Ball 3-1: Base on Balls
|
|
Batting: RHB Aaron Marakovits
|
0-0: Foul Ball, location: 2F 0-1: Swinging Strike 0-2: Strikes out swinging
|
|
Batting: RHB Mario Cruz
|
0-0: Called Strike 0-1: Ball 1-1: Ball 2-1: Ball 3-1: Foul Ball, location: 2F 3-2: Base on Balls Lance Sabo to second
|
|
Batting: SHB Henrik Berg
|
0-0: Foul Ball, location: 2F 0-1: Ball 1-1: Called Strike 1-2: Ball 2-2: Foul Ball, location: 2F 2-2: Strikes out swinging
|
| Top of the 8th over - 0 runs, 0 hits, 0 errors, 2 left on base; University of Michigan 6 - University of Illinois 2 |
| BOTTOM OF THE 8TH |
|
University of Illinois Fighting Illini batting - Pitching for University of Michigan Wolverines : LHP Omar Gutierrez
|
|
Batting: RHB Hector Flores
|
0-0: Called Strike 0-1: Ball 1-1: DOUBLE (Line Drive, 9LS, EV 90.0 MPH)
|
|
Batting: SHB Dan Strickland
|
0-0: Foul Ball, location: 2F 0-1: Called Strike 0-2: Ball 1-2: Foul Ball, location: 2F 1-2: Foul Ball, location: 2F 1-2: Ball 2-2: Foul Ball, location: 2F 2-2: Foul Ball, location: 2F 2-2: Fly out, F8 (Flyball, 8RS, EV 85.6 MPH)
|
|
Batting: RHB Lance Borgen
|
0-0: SINGLE (Groundball, 6MD, EV 104.4 MPH) Hector Flores to third Runner from 3rd tries for Home, SAFE, throw by CF to home
|
|
Batting: RHB Caleb Dean
|
0-0: Called Strike 0-1: Fly out, F6 (Popup, 15S, EV 85.0 MPH)
|
|
Batting: RHB Roger Whitaker
|
0-0: Ball 1-0: Called Strike 1-1: Fly out, F8 (Flyball, 89M, EV 79.4 MPH)
|
| Bottom of the 8th over - 1 run, 2 hits, 0 errors, 1 left on base; University of Michigan 6 - University of Illinois 3 |
| TOP OF THE 9TH |
|
University of Michigan Wolverines batting - Pitching for University of Illinois Fighting Illini : RHP Ross Ledford
|
|
Batting: LHB Murdock Cranton
|
0-0: Ball 1-0: SINGLE (Line Drive, 8LS, EV 96.9 MPH)
|
|
Batting: RHB Torsten Ernst
|
0-0: Ball 1-0: Ball 2-0: Ball 3-0: Base on Balls Murdock Cranton to second
|
|
Batting: RHB Chris Williamson
|
0-0: Called Strike 0-1: Ball 1-1: Foul Ball, location: 2F 1-2: Ball 2-2: Foul Ball, location: 2F 2-2: SINGLE (Groundball, 34D, EV 94.4 MPH) Murdock Cranton to third Torsten Ernst to second
|
|
Batting: RHB Danny Arroyo
|
0-0: Fly out, F3 (Line Drive, 34, EV 66.9 MPH)
|
|
Batting: RHB Quirino Portel
|
0-0: GRAND SLAM HOME RUN (Flyball, 78XD, EV 114.4 MPH), Distance : 429 ft
|
|
Batting: LHB Lance Sabo
|
0-0: SINGLE (Line Drive, 9S, EV 100.6 MPH)
|
|
Batting: RHB Aaron Marakovits
|
0-0: Grounds into double play, 5-4-3 (Groundball, 56, EV 86.9 MPH)
|
| Top of the 9th over - 4 runs, 4 hits, 0 errors, 0 left on base; University of Michigan 10 - University of Illinois 3 |
| BOTTOM OF THE 9TH |
|
University of Illinois Fighting Illini batting - Pitching for University of Michigan Wolverines : LHP Omar Gutierrez
|
|
Batting: LHB Mike Murphy
|
0-0: Called Strike 0-1: Foul Ball, location: 2F 0-2: Ground out 3-1 (Groundball, 34S, EV 93.1 MPH)
|
|
Batting: SHB Bernie Gallegos
|
0-0: Ball 1-0: Ball 2-0: Ball 3-0: Base on Balls
|
|
Batting: RHB Damien Blot
|
0-0: Ball 1-0: Swinging Strike 1-1: Foul Ball, location: 2F 1-2: Grounds into double play, 5-4-3 (Groundball, 5, EV 83.1 MPH)
|
| Bottom of the 9th over - 0 runs, 0 hits, 0 errors, 0 left on base; University of Michigan 10 - University of Illinois 3 |
|